 Dungeon Crawl Stone Soup version 0.27-a0-1217-g8a41f320e8 (webtiles) character file.

Game seed: 18317535840011104706

1384 quinnr the Thaumaturge (level 8, -4/50 HPs)
             Began as a Djinni Air Elementalist on June 5, 2021.
             Was an Initiate of Makhleb.
             Slain by a sky beast (5 damage)
             ... on level 4 of the Dungeon.
             The game lasted 00:20:17 (7773 turns).

quinnr the Thaumaturge (Djinni Air Elementalist)    Turns: 7773, Time: 00:20:18

Health: -4/50      AC:  2    Str:  7    XL:     8   Next: 99%
Gold:   226        EV: 12    Int: 19    God:    Makhleb [......] SH:  0 Dex: 14

rFire    + . .     SeeInvis .   (no weapon)
rCold    . . .     Faith    .   (no shield)
rNeg     . . .     Spirit   .   a - +0 robe
rPois    ∞         Reflect  .   (no helmet)
rElec    .         Harm     .   (no cloak)
rCorr    .         Rampage  .   (no gloves)
Will     +....                  (boots unavailable)
Stlth    ++........             (no amulet)
HPRegen  0.16/turn              p - ring of willpower
MPRegen  0.00/turn              t - ring of ice

@: flying
A: sickness immunity, fire resistance 2, cold vulnerability 1, float, innate
caster, hp casting, extra vitality 1
a: Renounce Religion


You were on level 4 of the Dungeon.
You worshipped Makhleb.
Makhleb was noncommittal.
You visited 2 branches of the dungeon, and saw 6 of its levels.

You collected 270 gold pieces.
You spent 44 gold pieces at shops.

Inventory:

Missiles
 c - a throwing net
Armour
 a - a +0 robe (worn)
 q - a scarf of shadows
Jewellery
 h - an amulet of magic regeneration
 p - a ring of willpower (left hand)
 t - a ring of ice (right hand)
Wands
 m - a wand of iceblast (3)
 r - a wand of digging (7)
 s - a wand of paralysis (5)
Scrolls
 b - a scroll of enchant armour {unknown}
 f - a scroll of enchant weapon {unknown}
 g - 2 scrolls of fog {unknown}
 j - a scroll of teleportation {unknown}
 o - 3 scrolls of fear {unknown}
 v - a scroll of blinking {unknown}
Potions
 d - a potion of degeneration {unknown}
 e - a potion of curing
 i - a potion of lignification
 k - 4 potions of might
 l - 2 potions of attraction
 n - a potion of flight {unknown}
 u - a potion of brilliance


   Skills:
 - Level 2.1 Dodging
 - Level 1.5 Stealth
 + Level 8.4 Spellcasting


You had 3 spell levels left.
You knew the following spells:

 Your Spells              Type           Power      Damage    Failure   Level
a - Shock                 Conj/Air       100%       1d9       1%          1
b - Static Discharge      Conj/Air       39%        N/A       1%          2
c - Swiftness             Air            39%        N/A       1%          3
d - Airstrike             Air            19%        N/A       2%          4
e - Lightning Bolt        Conj/Air       19%        1d34      8%          5
f - Pain                  Necr           100%       1d9       1%          1
g - Passwall              Tmut/Erth      32%        N/A       1%          2
h - Poisonous Vapours     Pois/Air       78%        N/A       1%          2
Your spell library was empty.

Dungeon Overview and Level Annotations

Branches:
Dungeon (5/15)             Temple (1/1) D:4

Altars:
Ashenzari
Dithmenos
Elyvilon
Gozag
Hepliaklqana
Kikubaaqudgha
Makhleb
Nemelex Xobeh
Ru
Trog
Uskayaw
Vehumet
Yredelemnul
Zin
The Shining One

Shops:
D:5 :!


Innate Abilities, Weirdness & Mutations

You are immune to sickness and miasma.
You are immune to poison.
Your flesh is very heat resistant. (rF++)
You are vulnerable to cold. (rC-)
You float through the air rather than walking.
You learn spells naturally, not from books.
Your magical power is your life essence.
You have superior vitality. (+4 HP)


Message History

Unknown command. 2 gnolls come into view.
The gnoll shouts! x2
A gnoll comes into view. It is wielding a +0 flail.
A gnoll comes into view. It is wielding a +0 club.
You hear a shout!
The gnoll shouts!
An ufetubus comes into view.
A sky beast appears from thin air!
Reactivating autopickup.
Your magical contamination has completely faded away.
There is a stone staircase leading up here.
You fly upwards.
A quokka skeleton comes into view.
There is a stone staircase leading down here.
Unknown command.
Casting: Passwall (safe; 1% risk of failure)
Confirm with . or Enter, or press ? or * to list all spells.
Okay, then.
Unknown command.
Casting: Passwall (safe; 1% risk of failure)
Confirm with . or Enter, or press ? or * to list all spells.
Aiming: Poisonous Vapours (safe; 1% risk of failure)
Press: ? - help, Dir - move target, f - sky beast
Aim: a sky beast Poisonous vapours surround the sky beast!
* * * LOW HITPOINT WARNING * * *
The sky beast is poisoned.
The sky beast hits you.
* * * LOW HITPOINT WARNING * * *
The sky beast shocks you.
* * * LOW HITPOINT WARNING * * *
The sky beast is engulfed in poison gas.
The sky beast looks even sicker.
The quokka skeleton closely misses you.
The sky beast flickers out of sight!
Deactivating autopickup; reactivate with Ctrl-A.
Something hits you.
* * * LOW HITPOINT WARNING * * *
Something shocks you.
You die...

# #.........# ####
#.........#
'..####.........#
##....'....<.)..#
##..###.........#
##..###.........###########
##...########.............#
##.#.########.............#
............'...@...>.....#
...##.####.##....Z........#
#####..#
#.##.............#######
...###.#
#.##.............'......
...# #.#
#.##.............#####.#
...# #.###.##.....[)......#
#.# ...#
#..##.##...........(.# #..
...# ##.##.##.............#
### ...#
#..#.##........(....#######


You could see a quokka skeleton.

Vanquished Creatures
  Grinder (D:3)
  A yak (D:4)
  Eustachio (D:4)
  Edmund (D:4)
  A necrophage (D:4)
  A phantom (D:4)
  2 scorpions (D:4)
  A gnoll sergeant (D:5)
  2 howler monkeys
  An orc priest (D:4)
  Jessica (D:2)
  An iguana (D:4)
  Ijyb (D:3)
  An orc wizard (D:3)
  Robin (D:2)
  4 gnolls (D:5)
  7 adders
  An ufetubus (D:4)
  3 adder skeletons (D:4)
  A worm (D:2)
  2 dart slugs
  12 orcs
  6 bats
  5 endoplasms
  4 giant cockroaches
  20 goblins
  10 hobgoblins
  6 jackals
  4 quokkas
  7 ball pythons
  7 frilled lizards
  8 kobolds
  4 rats
128 creatures vanquished.

Notes
Turn   | Place    | Note
-------+----------+-------------------------------------------
     0 | D:1      | quinnr the Djinni Air Elementalist began the quest for the
                  | Orb.
     0 | D:1      | Reached XP level 1. HP: 15/15 MP: 0/0
   247 | D:1      | Reached XP level 2. HP: 20/21 MP: 0/0
   495 | D:1      | Reached skill level 3 in Spellcasting
   828 | D:1      | Found a faded altar of an unknown god.
   897 | D:1      | Reached XP level 3. HP: 14/25 MP: 0/0
   897 | D:1      | Learned a level 1 spell: Pain
  1939 | D:2      | Noticed Robin
  1957 | D:2      | Reached XP level 4. HP: 21/31 MP: 0/0
  2278 | D:2      | Killed Robin
  2458 | D:2      | Reached skill level 4 in Spellcasting
  2961 | D:2      | Noticed Jessica
  2989 | D:2      | Killed Jessica
  2990 | D:2      | Reached XP level 5. HP: 32/35 MP: 0/0
  2990 | D:2      | Learned a level 2 spell: Passwall
  3360 | D:3      | Noticed Grinder
  3667 | D:4      | Found a staircase to the Ecumenical Temple.
  3667 | D:4      | Noticed Eustachio
  3710 | D:4      | Reached XP level 6. HP: 28/40 MP: 0/0
  3803 | D:4      | Noticed a water moccasin
  3912 | D:3      | Reached skill level 5 in Spellcasting
  4133 | D:3      | Paralysed by Grinder for 6 turns
  4192 | D:3      | Killed Grinder
  4193 | D:3      | Reached XP level 7. HP: 24/45 MP: 0/0
  4193 | D:3      | Learned a level 2 spell: Poisonous Vapours
  4499 | D:3      | Found a sacrificial altar of Ru.
  4502 | D:3      | Reached skill level 6 in Spellcasting
  4658 | D:3      | Noticed Ijyb
  4662 | D:3      | Killed Ijyb
  5831 | D:4      | Noticed Edmund
  5839 | D:4      | Killed Edmund
  5840 | D:4      | Reached XP level 8. HP: 28/50 MP: 0/0
  6311 | D:4      | Reached skill level 7 in Spellcasting
  6311 | D:4      | quinnr: ??scarf of shadows
  6311 | D:4      | beem: shadows[1/2]: A {scarf} ego that reduces player LoS
                  | by 1, but also reduces spellpower (not in 0.27+), and
                  | stacks with kobold's {nightstalker} mutation. The unrand
                  | {robe of night} has a stronger effect, reducing LOS by 2.
                  | The unrand {ring of shadows} has an {umbra} and does not
                  | reduce LOS.
  6311 | D:4      | quinnr: ??scarf of shadows[2
  6311 | D:4      | beem: shadows[2/2]: Prior to 0.26, was not a scarf ego, but
                  | the effect was available via the {Darkness} spell.
  6516 | D:4      | Killed Eustachio
  6605 | D:4      | Noticed a yak
  6799 | D:4      | Killed a yak
  6800 | D:4      | Reached skill level 8 in Spellcasting
  7208 | Temple   | Entered the Ecumenical Temple
  7435 | Temple   | Became a worshipper of Makhleb the Destroyer
  7479 | D:5      | Entered Level 5 of the Dungeon
  7619 | D:5      | Found Ytaif's Distillery.
  7627 | D:5      | Bought a potion of brilliance for 44 gold pieces
  7731 | D:5      | Found a glowing silver altar of Zin.
  7744 | D:5      | Found Lauc's Book Shop.
  7769 | D:4      | HP: 5/50 [sky beast (6)]
  7773 | D:4      | HP: 1/50 [something (5)]
  7773 | D:4      | Slain by a sky beast

Illustrated notes

Levels and vault maps discovered:
D:1:      lightli_arrival_quake, layout_basic, hellmonk_ecumenical_altar_blasted
D:2:      layout_rooms, uniq_robin, uniq_jessica
D:3:      layout_rooms, nicolae_ru_great_annihilating_truth,
          serial_co_window_serial, co_window_cross_1, co_window_paths_b,
          co_window_paths_a, co_window_corner_a, co_window_paths_a,
          co_window_corner_b, co_window_paths_c, co_window_corner_ca,
          co_window_broadway_c, glass_columns_a, grunt_decor_one_mirror,
          corexii_hall_statues_s, st_stairs_4, minmay_between, uniq_grinder,
          uniq_ijyb
D:4:      layout_basic, minmay_temple_entry_junction, nzn_random_ring,
          uniq_eustachio, uniq_edmund
D:5:      layout_rooms, overflow_temple_1_default, serial_shops,
          nicolae_shop_waterfront, shop_statue, shop,
          nicolae_shop_window_shopping, shop
Temple:   nicolae_temple_figure_eight

Skill      XL: |  1  2  3  4  5  6  7  8 |
---------------+-------------------------+-----
Spellcasting   | 3 4 5 6 8 |  8.4
Dodging        | |  2.1
Stealth        | |  1.5

Action                   |  1- 3 |  4- 6 |  7- 9 || total
-------------------------+-------+-------+-------++-------
 Cast: Shock             |    65 |    93 |    39 ||   197
       Static Discharge  |     5 |     3 |       ||     8
       Pain              |       |     5 |       ||     5
       Passwall          |       |     3 |       ||     3
       Airstrike         |       |     3 |    47 ||    50
       Poisonous Vapours |       |       |     9 ||     9
       Lightning Bolt    |       |       |     1 ||     1
  Use: Scroll            |       |       |     4 ||     4
Armor: Robe              |     2 |     4 |       ||     6
Dodge: Dodged            |    12 |    19 |     7 ||    38

Table legend: (Time is in decaauts)
 A = Elapsed time spent in this place.
 B = Non-inter-level travel time spent in this place.
 C = Inter-level travel time spent in this place.
 D = Time resting spent in this place.
 E = Time spent auto-exploring this place.
 F = Levels seen in this place.
 G = Mean time per level.
                   A        B        C        D        E       F      G
               +--------+--------+--------+--------+--------+-----+--------+
         Total |   7779 |   7464 |    315 |   1743 |   4960 |   6 | 1296.5 |
       Dungeon |   7532 |   7258 |    274 |   1743 |   4756 |   5 | 1506.4 |
        Temple |    247 |    206 |     41 |      0 |    204 |   1 |  247.0 |
               +--------+--------+--------+--------+--------+-----+--------+

Top non-repeatable levels by time:
     D:1: 1932 daAuts
     D:4: 1925 daAuts
     D:3: 1866 daAuts
     D:2: 1519 daAuts
     D:5: 288 daAuts
  Temple: 247 daAuts
